 Dungeon Crawl Stone Soup version 0.20-a0-959-gdc9e609 (webtiles) character file.

11132 Koga the Fighter (level 11, -2/79 HPs)
             Began as a Gargoyle Fighter on Apr 5, 2017.
             Was an Elder of Okawaru.
             Slain by a two-headed ogre
             ... wielding a +0 giant club
              (4 damage)
             ... on level 10 of the Dungeon on Apr 6, 2017.
             The game lasted 00:24:03 (7741 turns).

Koga the Fighter (Gargoyle Fighter)                 Turns: 7741, Time: 00:24:04

Health: -2/79      AC: 18    Str: 23    XL:     11   Next: 73%
Magic:  20/20      EV:  7    Int:  9    God:    Okawaru [****..]
Gold:   599        SH:  9    Dex:  9    Spells: 10/10 levels left

rFire    . . .     SeeInvis .   s - +1 flail (drain)
rCold    . . .     Gourm    .   c - +0 shield
rNeg     + . .     Faith    .   b - +0 scale mail
rPois    ∞         Spirit   .   A - +2 helmet
rElec    +         Reflect  .   (no cloak)
rCorr    .         Harm     .   q - +0 pair of gloves
MR       +....                  (no boots)
Stlth    ..........             k - amulet of regeneration
Regen    0.7/turn               p - ring of protection from magic
MPRegen  0.2/turn               G - ring of magical power

@: no status effects
A: negative energy resistance 1, electricity resistance, unbreathing,
petrification resistance, rot immunity, AC +7
a: Heroism, Renounce Religion


You were on level 10 of the Dungeon.
You worshipped Okawaru.
Okawaru was greatly pleased with you.
You were not hungry.

You visited 2 branches of the dungeon, and saw 11 of its levels.

You collected 599 gold pieces.

Inventory:

Hand Weapons
 s - a +1 flail of draining (weapon)
 u - a +4 mace
Armour
 b - a +0 scale mail (worn)
 c - a +0 shield (worn)
 q - a +0 pair of gloves (worn)
 A - a +2 helmet (worn)
Jewellery
 k - an amulet of regeneration (around neck)
 p - a ring of protection from magic (left hand)
 t - an uncursed ring of resist corrosion {unknown}
 z - an uncursed ring of fire
 G - a ring of magical power (right hand)
Wands
 r - a wand of confusion (34/48)
 w - a wand of flame (26/48)
 I - a wand of lightning (1/15)
 J - a wand of polymorph (15/24)
 K - a wand of confusion (15/48)
 M - a wand of flame (29/48)
Scrolls
 a - a scroll of silence {unknown}
 d - a scroll of enchant armour {unknown}
 e - 4 scrolls of remove curse
 g - 4 scrolls of teleportation {unknown}
 h - a scroll of magic mapping {unknown}
 i - 3 scrolls of recharging {unknown}
 j - 14 scrolls of identify {unknown}
 o - 3 scrolls of fog {unknown}
 v - a scroll of vulnerability {unknown}
 y - 3 scrolls of amnesia {unknown}
 D - 4 scrolls of blinking {unknown}
 E - a scroll of enchant weapon {unknown}
 L - 3 scrolls of immolation {unknown}
Potions
 l - 2 potions of curing
Books
 F - a book of Maledictions

   Spells                             Type                      Level
   a - Corona                         Hexes                        1
   b - Ensorcelled Hibernation        Hexes/Ice                    2
   c - Confuse                        Hexes                        3
   d - Tukima's Dance                 Hexes                        3
   e - Dazzling Spray                 Conjuration/Hexes            3
Comestibles
 f - 9 bread rations
 m - 4 meat rations
 n - a chunk of flesh
 B - 2 royal jellies
 C - 34 fruits


   Skills:
 + Level 13.9 Fighting
   Level 4.7 Long Blades
 * Level 12.4 Maces & Flails
 - Level 3.2 Armour
 - Level 3.2 Shields


You had 10 spell levels left.
You didn't know any spells.

Dungeon Overview and Level Annotations

Branches:
Dungeon (10/15)            Temple (1/1) D:6            Lair (0/6) D:8
    Orc: D:9-12

Altars:
Ashenzari
Dithmenos
Elyvilon
Fedhas
Hepliaklqana
Kikubaaqudgha
Nemelex Xobeh
Okawaru
Qazlal
Ru
Sif Muna
Trog
Uskayaw
Vehumet
Xom
Yredelemnul
Zin
The Shining One

Shops:
D:5 =   D:7 (


Innate Abilities, Weirdness & Mutations

You are resistant to torment.
Your stone body is resilient. (AC +7)
You are immune to poison.
You resist negative energy. (rN+)
You are resistant to electric shocks. (rElec)
You can survive without breathing.
You are immune to petrification.
You are immune to rotting.


Message History

You feel better.
The two-headed ogre hits you with a giant club!!
* * * LOW HITPOINT WARNING * * *
You block the two-headed ogre's attack.
You feel better.
You closely miss the two-headed ogre.
The two-headed ogre is moderately wounded.
You block the two-headed ogre's attack. x2
You completely miss the two-headed ogre.
The two-headed ogre is moderately wounded.
You feel like a meek peon again.
You feel better.
The two-headed ogre hits you but does no damage.
You block the two-headed ogre's attack.
You thump the two-headed ogre!
The two-headed ogre is heavily wounded.
The two-headed ogre hits you with a giant club!!
* * * LOW HITPOINT WARNING * * *
The two-headed ogre hits you with a giant spiked club.
You die...

#
#..#.####
.......?#
#@#
#O..?..#
###......
....##
...#
.....
..## ..#


You could see a two-headed ogre.

Vanquished Creatures
  A two-headed ogre (D:8)
  The ghost of Goblin1989 the Basher, a novice BaGl of Ashenzari (D:8)
  The ghost of nikopol the Covered, a novice GrBe of Trog (D:9)
  2 hippogriffs
  Sigmund (D:2)
  8 yaks
  A hungry ghost (D:8)
  Menkaure (D:7)
  Edmund (D:5)
  3 porcupines (D:8)
  3 orc warriors (D:8)
  2 black bears (D:6)
  A necrophage (D:9)
  An ogre (D:6)
  3 centaurs
  3 big kobolds
  A gnoll sergeant (D:9)
  2 bullfrogs
  A wyvern zombie (D:7)
  3 scorpions
  A howler monkey (D:4)
  7 crimson imps
  2 hounds (D:8)
  3 jellies
  2 bullfrog zombies
  10 orc wizards
  2 bullfrog skeletons
  5 orc priests
  2 centaur skeletons
  Jessica (D:3)
  An iguana (D:7)
  5 worker ants
  A hound skeleton (D:5)
  A howler monkey zombie (D:6)
  Robin (D:3)
  9 gnolls
  A worker ant zombie (D:9)
  5 adders
  2 shadow imps (D:7)
  3 oozes
  7 worms
  2 dart slugs (D:2)
  4 leopard geckos
  33 orcs
  A ball python (D:2)
  8 giant cockroaches
  18 goblins
  9 hobgoblins
  4 jackals (D:5)
  6 quokkas
  7 bats
  8 frilled lizards
  A jackal skeleton (D:7)
  18 kobolds
  A leopard gecko skeleton (D:8)
  4 rats
235 creatures vanquished.

Vanquished Creatures (others)
  An ice beast (D:8)
  9 fungi (D:8)
  3 plants (D:8)
13 creatures vanquished.

Grand Total: 248 creatures vanquished

Notes
Turn   | Place    | Note
-------+----------+-------------------------------------------
     0 | D:1      | Koga the Gargoyle Fighter began the quest for the Orb.
     0 | D:1      | Reached XP level 1. HP: 14/14 MP: 1/1
   141 | D:1      | Reached XP level 2. HP: 12/19 MP: 2/2
   535 | D:1      | Reached XP level 3. HP: 23/23 MP: 3/3
   903 | D:2      | Found a shattered altar of Ashenzari.
   903 | D:2      | Found a radiant altar of Vehumet.
   903 | D:2      | Found an ancient bone altar of Kikubaaqudgha.
   903 | D:2      | Found a glowing silver altar of Zin.
   921 | D:2      | Upgraded the game from 0.20-a0-957-g47ad1fd to 0.20-a0-959-gdc9e609
  1139 | D:2      | Noticed Sigmund
  1176 | D:2      | Killed Sigmund
  1176 | D:2      | Reached skill level 5 in Maces & Flails
  1176 | D:2      | Reached XP level 4. HP: 18/28 MP: 4/4
  1176 | D:2      | Reached XP level 5. HP: 20/32 MP: 5/5
  1476 | D:2      | Reached XP level 6. HP: 35/37 MP: 6/6
  1838 | D:3      | Found a hazy altar of Hepliaklqana.
  1933 | D:3      | Noticed Robin
  1934 | D:3      | Killed Robin
  2270 | D:3      | Noticed Jessica
  2282 | D:3      | Killed Jessica
  2282 | D:3      | Reached skill level 1 in Long Blades
  2872 | D:4      | Reached XP level 7. HP: 28/41 MP: 7/7
  3144 | D:4      | Found a hide-covered altar of Uskayaw.
  3235 | D:5      | Entered Level 5 of the Dungeon
  3288 | D:5      | Noticed Edmund
  3320 | D:5      | Killed Edmund
  3377 | D:5      | Found Biblonk's Jewellery Emporium.
  3612 | D:5      | Found a stormy altar of Qazlal.
  3615 | D:5      | Found a sparkling altar of Nemelex Xobeh.
  3622 | D:5      | Reached XP level 8. HP: 45/46 MP: 8/8
  3627 | D:5      | Found a basalt altar of Yredelemnul.
  3630 | D:5      | Found a shimmering altar of Xom.
  3787 | D:6      | Found a bloodstained altar of Trog.
  4016 | D:6      | Found a staircase to the Ecumenical Temple.
  4062 | Temple   | Entered the Ecumenical Temple
  4142 | Temple   | Became a worshipper of Warmaster Okawaru
  4539 | D:7      | Noticed a yak
  4558 | D:7      | Killed a yak
  4558 | D:7      | Reached XP level 9. HP: 40/52 MP: 9/9
  4612 | D:7      | Reached * piety under Okawaru
  4612 | D:7      | Reached skill level 4 in Fighting
  4632 | D:7      | Reached skill level 10 in Maces & Flails
  4636 | D:7      | Reached skill level 5 in Fighting
  4727 | D:7      | Reached ** piety under Okawaru
  4867 | D:7      | Found a shimmering altar of Xom.
  4911 | D:7      | Reached skill level 6 in Fighting
  4924 | D:7      | Found Puexiahi's Antique Weapon Emporium.
  5065 | D:7      | Noticed Menkaure
  5077 | D:7      | Killed Menkaure
  5562 | D:8      | Reached skill level 7 in Fighting
  5647 | D:8      | Reached XP level 10. HP: 55/63 MP: 10/10
  5852 | D:8      | Noticed Goblin1989's ghost (novice BaGl)
  5862 | D:8      | Reached *** piety under Okawaru
  5880 | D:8      | Reached skill level 8 in Fighting
  6358 | D:7      | Reached skill level 13 in Fighting
  6358 | D:7      | Reached XP level 11. HP: 78/78 MP: 11/11
  6429 | D:8      | Killed Goblin1989's ghost
  6595 | D:8      | Found a shadowy altar of Dithmenos.
  6624 | D:8      | Found a staircase to the Lair.
  6959 | D:8      | Noticed a two-headed ogre
  6968 | D:8      | Killed a two-headed ogre
  7108 | D:9      | Noticed nikopol's ghost (novice GrBe)
  7259 | D:9      | Killed nikopol's ghost
  7259 | D:9      | Reached **** piety under Okawaru
  7629 | D:9      | Noticed a two-headed ogre
  7655 | D:10     | Entered Level 10 of the Dungeon
  7736 | D:10     | HP: 3/79 [two-headed ogre/giant club (18)]
  7741 | D:10     | HP: 2/79 [two-headed ogre/giant club (22)]
  7741 | D:10     | Slain by a two-headed ogre

Vault maps used:
D:1:      minmay_arrival_split_and_join
D:2:      chequers_temple_overflow_statue_of_worship, uniq_sigmund
D:3:      kennysheep_the_goblin_king, lemuel_doored_altar, first_bread,
          kennysheep_jessica_study, uniq_robin
D:4:      kennysheep_mini
D:5:      grunt_temple_overflow_cloverleaf, serial_shops, kennysheep_little_box,
          uniq_edmund
D:6:      temple_pool_b, trog_ov_bears_minmay
D:7:      basic_altar, serial_shops, shop_statue, lemuel_statue_altar,
          uniq_menkaure
D:8:      grunt_lair_entry_orc_guard_hut, blue_anna_alchemist,
          nicolae_dithmenos_the_darkroom
D:9:      nicolae_gozag_cash_rules_everything_around_me, dk_yredelemnul_ordeal
D:10:     dk_rats_in_the_wall
Temple:   grunt_temple_mini_profane

Skill      XL: |  1  2  3  4  5  6  7  8  9 10 11 |
---------------+----------------------------------+-----
Maces & Flails | 3 5 6 7 9 11 12 | 12.4
Long Blades    | 2 4 |  4.7
Fighting       | 7 13 | 13.9
Armour         | |  3.2
Shields        | |  3.2

Action                   |  1- 3 |  4- 6 |  7- 9 | 10-12 || total
-------------------------+-------+-------+-------+-------++-------
Melee: Flail             |   110 |   172 |   322 |   294 ||   898
       Falchion          |       |    72 |    77 |       ||   149
       Punch             |       |       |       |     1 ||     1
Invok: Heroism           |       |       |       |     2 ||     2
Evoke: Wand              |       |       |       |     2 ||     2
  Use: Potion            |     1 |       |       |    13 ||    14
       Scroll            |       |     1 |       |       ||     1
  Eat: Chunk             |     1 |     6 |    10 |     7 ||    24
       Royal jelly       |       |       |     1 |       ||     1
Armor: Scale mail        |    97 |   142 |   251 |   137 ||   627
Dodge: Dodged            |    53 |   124 |   190 |    94 ||   461
Block: Shield            |    61 |       |       |    17 ||    78
       Rpst.: Falchion   |       |    10 |    14 |       ||    24
